 Dungeon Crawl Stone Soup version 0.26.1-2-gb8aa6d0cf2 (console) character file.

Game seed: 350922532228428042

5668 om the Grappler (level 10, -9/98 HPs)
             Began as a Troll Fighter on Feb 8, 2021.
             Was the Champion of Uskayaw.
             Killed by divine providence
             ... invoked by an orc priest
              (13 damage)
             ... on level 9 of the Dungeon.
             The game lasted 00:25:10 (7150 turns).

om the Grappler (Troll Fighter)                     Turns: 7150, Time: 00:25:10

Health: -9/98      AC: 19    Str: 26    XL:     10   Next: 47%
Magic:  10/10      EV: 10    Int:  4    God:    Uskayaw [******]
Gold:   361        SH: 10    Dex: 12    Spells: 9/9 levels left

rFire    . . .     SeeInvis .     - Unarmed
rCold    . . .     Faith    .   b - +0 kite shield
rNeg     . . .     Spirit   .   x - +0 swamp dragon scales
rPois    +         Reflect  .   (helmet restricted)
rElec    .         Harm     .   (no cloak)
rCorr    .         Rampage  .   (gloves unavailable)
Will     .....                  (boots unavailable)
Stlth    +.........             (no amulet)
HPRegen  0.66/turn              h - +4 ring of protection
MPRegen  0.12/turn              C - +4 ring of protection (curse)

@: no status effects
A: large, unfitting armour, claws 3, regeneration 1, shaggy fur 1, tough skin 3
a: Renounce Religion, Stomp, Line Pass, Grand Finale


You were on level 9 of the Dungeon.
You worshipped Uskayaw.
Uskayaw was noncommittal.
You visited 2 branches of the dungeon, and saw 10 of its levels.

You collected 421 gold pieces.
You spent 60 gold pieces at shops.

Inventory:

Hand Weapons
 o - a +0 dagger of venom
 v - a +2 morningstar of flaming
Missiles
 d - 78 poisoned darts
 r - 7 boomerangs (quivered)
 t - a silver javelin
Armour
 a - a +0 robe
 b - a +0 kite shield (worn)
 x - +0 swamp dragon scales (worn)
Jewellery
 h - a +4 ring of protection (left claw)
 q - an uncursed ring of fire
 C - a cursed +4 ring of protection (right claw)
Wands
 y - a wand of paralysis (15)
Scrolls
 c - 2 scrolls of teleportation
 e - a scroll of enchant armour
 f - 4 scrolls of remove curse
 i - 2 scrolls of immolation
 l - 2 scrolls of fear
 n - 2 scrolls of enchant weapon
 p - a scroll of holy word {unknown}
 s - a scroll of blinking {unknown}
 u - a scroll of amnesia {unknown}
 w - a scroll of magic mapping {unknown}
Potions
 g - 2 potions of lignification
 j - a potion of brilliance
 k - 4 potions of curing
 m - 2 potions of heal wounds
 z - a potion of haste
 A - a potion of ambrosia
 B - a potion of might


   Skills:
 + Level 5.9 Fighting
 - Level 5.0 Throwing
 + Level 6.0 Dodging
 + Level 5.9 Shields
 * Level 9.4 Unarmed Combat
 * Level 1.9 Invocations


You had 9 spell levels left.
You didn't know any spells.
Your spell library contained the following spells:

 Spells                   Type           Power        Failure   Level
 Beastly Appendage        Tmut           0%           86%         1
 Wereblood                Tmut           0%           95%         2
 Spider Form              Tmut/Pois      0%           99%         3
 Ice Form                 Ice/Tmut       0%           100%        4
 Blade Hands              Tmut           0%           100%        5


Dungeon Overview and Level Annotations

Branches:
Dungeon (9/15)             Temple (1/1) D:7
   Lair: D:8-11         Orc: D:9-12

Altars:
Ashenzari
Cheibriados
Dithmenos
Elyvilon
Fedhas
Gozag
Hepliaklqana
Kikubaaqudgha
Makhleb
Nemelex Xobeh
Okawaru
Qazlal
Ru
Sif Muna
Trog
Uskayaw
Vehumet
Wu Jian
Xom
Yredelemnul
Zin
The Shining One

Shops:
D:6 (   D:7 !


Innate Abilities, Weirdness & Mutations

You are too large for most types of armour.
You have claws for hands.
Your natural rate of healing is unusually fast.
You are covered in fur. (AC +1)
You have extremely tough skin. (AC +3)


Message History

The orc priest invokes the aid of Beogh against you.
Beogh smites you! The centaur hits you. You block the iguana's attack.
You are too injured to fight recklessly!
You mangle the centaur!!
You destroy the quokka zombie!
You kill the iguana!
You kill the orc!
You kill the centaur!
The orc warrior hits you with a +1 vorpal scimitar!
* * * LOW HITPOINT WARNING * * *
x2 The quokka zombie barely misses you.
The orc priest invokes the aid of Beogh against you.
Beogh smites you!
* * * LOW HITPOINT WARNING * * *
You are too injured to fight recklessly!
You are too injured to fight recklessly!
The orc warrior is no longer sharing its pain.
The orc priest is no longer sharing its pain.
The quokka zombie is no longer sharing its pain.
The quokka zombie bites you but does no damage.
The orc priest mumbles some strange prayers to Beogh against you.
Beogh smites you!
You die...

#.....#.## ####....)#...
####.###........#.##
...........>.###†..
#.#.###.#.#..#....#
#########.#.###.#.#..†...[+
#...........#..>#.#.##....#
#.....##...#.###.#.#######
##....).†..#.# #...#
#..(...#†)§...# #####
.o..#...)o@Z#.#
..#.....o†o(### .
#.#.#.#.#.# #.#.#.#.#(# #
#.#.....# #.###.### #.# #.#
#.#


You could see an orc warrior, an orc priest, an orc wizard (pain bonded) and a
quokka zombie.

Vanquished Creatures
  A two-headed ogre (D:8)
  A manticore (D:7)
  Maggie (D:7)
  A troll (D:9)
  A slime creature (D:7)
  2 ice beasts
  4 sky beasts
  2 orc warriors (D:8)
  A necrophage (D:6)
  3 phantoms
  5 centaurs
  2 ogres (D:7)
  6 bullfrogs
  A gnoll sergeant (D:8)
  A scorpion (D:9)
  10 killer bees
  8 wights
  2 howler monkeys (D:8)
  A bullfrog zombie (D:5)
  A jelly (D:7)
  2 orc priests
  8 hounds
  A bullfrog skeleton (D:9)
  2 centaur skeletons
  2 iguanas
  An orc wizard (D:6)
  5 worker ants
  A hound skeleton (D:4)
  4 gnolls (D:8)
  8 adders
  2 shadow imps
  2 white imps (D:5)
  3 ufetubi
  An ooze (D:1)
  3 adder skeletons
  2 worms
  8 leopard geckos
  27 orcs
  8 giant cockroaches
  8 goblins
  6 hobgoblins
  15 jackals
  9 kobolds
  5 quokkas
  9 bats
  5 frilled lizards
  A jackal skeleton (D:4)
  3 quokka skeletons
  2 quokka zombies
  6 rats
213 creatures vanquished.

Vanquished Creatures (others)
  A killer bee (D:8)
  An orc wizard (D:9)
2 creatures vanquished.

Grand Total: 215 creatures vanquished

Notes
Turn   | Place    | Note
-------+----------+-------------------------------------------
     0 | D:1      | om the Troll Fighter began the quest for the Orb.
     0 | D:1      | Reached XP level 1. HP: 22/22 MP: 0/0
   155 | D:1      | Reached XP level 2. HP: 28/29 MP: 1/1
   516 | D:1      | Reached XP level 3. HP: 36/36 MP: 2/2
  1091 | D:2      | Reached skill level 3 in Unarmed Combat
  1366 | D:2      | Reached XP level 4. HP: 42/44 MP: 3/3
  1372 | D:2      | Reached skill level 1 in Throwing
  2849 | D:4      | Noticed a sky beast
  2871 | D:4      | Killed a sky beast
  2872 | D:4      | Reached XP level 5. HP: 8/53 MP: 4/4
  3115 | D:4      | Noticed a phantom
  3161 | D:4      | Reached skill level 4 in Unarmed Combat
  3161 | D:4      | Reached XP level 6. HP: 54/61 MP: 5/5
  3595 | D:5      | Entered Level 5 of the Dungeon
  3668 | D:5      | Got an ichor-stained glaive
  3882 | D:5      | Noticed an ice beast
  3896 | D:5      | Reached XP level 7. HP: 65/67 MP: 6/6
  3901 | D:5      | Reached skill level 5 in Unarmed Combat
  4283 | D:6      | Found Gutac's Antique Weapon Shoppe.
  4476 | D:6      | Reached XP level 8. HP: 77/78 MP: 7/7
  4669 | D:6      | Reached skill level 6 in Unarmed Combat
  4762 | D:6      | HP: 2/78 [killer bee (9)]
  5362 | D:7      | Found a shimmering altar of Xom.
  5456 | D:7      | Found a staircase to the Ecumenical Temple.
  5528 | D:7      | Noticed Maggie
  5544 | D:7      | Killed Maggie
  5545 | D:7      | Reached skill level 7 in Unarmed Combat
  5545 | D:7      | Reached XP level 9. HP: 78/85 MP: 8/8
  5583 | Temple   | Entered the Ecumenical Temple
  5769 | Temple   | Became a worshipper of Uskayaw the Reveller
  5813 | D:7      | Found Ackapuisasm's Distillery.
  5816 | D:7      | Bought a potion of heal wounds for 60 gold pieces
  5873 | D:7      | Reached * piety under Uskayaw
  5887 | D:7      | Reached ** piety under Uskayaw
  5912 | D:7      | Noticed a manticore
  5941 | D:7      | Reached *** piety under Uskayaw
  5942 | D:7      | Killed a manticore
  5943 | D:7      | Reached skill level 5 in Dodging
  5943 | D:7      | Reached skill level 5 in Shields
  5945 | D:7      | Reached **** piety under Uskayaw
  5946 | D:7      | Reached skill level 5 in Fighting
  5958 | D:7      | Reached ***** piety under Uskayaw
  5976 | D:7      | Reached skill level 8 in Unarmed Combat
  6281 | D:8      | Found a blossoming altar of Fedhas.
  6367 | D:8      | Noticed a two-headed ogre
  6388 | D:8      | Killed a two-headed ogre
  6389 | D:8      | Reached skill level 5 in Throwing
  6389 | D:8      | Reached XP level 10. HP: 55/96 MP: 5/9
  6725 | D:8      | Reached skill level 9 in Unarmed Combat
  6761 | D:8      | Reached ****** piety under Uskayaw
  6947 | D:8      | Found a shadowy altar of Dithmenos.
  7099 | D:9      | Reached skill level 1 in Invocations
  7149 | D:9      | HP: 4/98 [orc priest/divine providence (14)]
  7150 | D:9      | Killed from afar by an orc priest

Illustrated notes

Levels and vault maps discovered:
D:1:      lightli_molten_gateway, layout_loops_cross, minmay_misc_feat_chi
D:2:      layout_rooms, serial_co_window_serial, co_window_paths_a,
          co_window_paths_a, co_window_corner_a, co_window_paths_b,
          co_window_paths_b, co_window_broadway_a, co_window_cross_4,
          co_window_corner_b, co_window_unsneaky_path_d, co_window_4corner_b,
          glass_columns_b, glass_columns_a, glass_columns_b, glass_columns_a,
          glass_columns_a, serial_park_tiny_2, columned_hall_lemuel
D:3:      layout_loops_cross, st_stairs_7
D:4:      layout_gridville, grunt_ministairs_5, minmay_pentomino_pile
D:5:      layout_rooms
D:6:      layout_gridville, serial_shops, nicolae_shop_crystal
D:7:      minmay_slanted_spiral_squares, layout_cave_pools,
          minmay_temple_entry_steel_oval, serial_shops, kennysheep_mini,
          basic_altar, uniq_maggie
D:8:      layout_basic, fedhas_altar_2, grunt_dithmenos_smoke
D:9:      layout_basic, lair_entry_dummy
Temple:   regret_index_temple_chain_breaker

Skill      XL: |  1  2  3  4  5  6  7  8  9 10 |
---------------+-------------------------------+-----
Unarmed Combat | 3 4 5 7 8 9 |  9.4
Throwing       | 1 2 3 4 5 |  5.0
Dodging        | 3 4 5 6 |  6.0
Fighting       | 3 4 5 |  5.9
Shields        | 3 4 5 |  5.9
Invocations    | 1 |  1.9

Action                   |  1- 3 |  4- 6 |  7- 9 | 10-12 || total
-------------------------+-------+-------+-------+-------++-------
Melee: Unarmed           |   118 |   195 |   243 |   148 ||   704
Throw: Dart              |       |    12 |     4 |       ||    16
       Javelin           |       |     5 |     1 |       ||     6
       Boomerang         |       |       |    11 |       ||    11
Invok: Stomp             |       |       |     7 |     1 ||     8
       Line Pass         |       |       |       |     4 ||     4
Evoke: Wand              |       |       |     6 |       ||     6
  Use: Scroll            |     3 |     4 |     4 |     3 ||    14
       Potion            |       |     1 |     6 |       ||     7
 Stab: Sleeping          |       |     1 |     1 |       ||     2
       Confused          |       |       |     1 |       ||     1
       Paralysed         |       |       |     3 |     5 ||     8
Armor: Robe              |    64 |    78 |    69 |       ||   211
       Skin              |       |       |    20 |       ||    20
       Swamp dragon scal |       |       |    55 |    76 ||   131
Dodge: Dodged            |    48 |    60 |   128 |    62 ||   298
Block: Kite shield       |    59 |    75 |   191 |    83 ||   408
